 Dungeon Crawl Stone Soup version 0.21-a0-193-g085b6a0 (webtiles) character file.

109 Lavandula the Charlatan (level 5, -4/37 HPs)
             Began as a Formicid Artificer on Aug 14, 2017.
             Slain by an ogre
             ... wielding a +0 giant club
              (26 damage)
             ... on level 4 of the Dungeon.
             The game lasted 00:06:02 (1663 turns).

Lavandula the Charlatan (Formicid Artificer)        Turns: 1663, Time: 00:06:04

Health: -4/37      AC:  2    Str: 20    XL:     5   Next: 13%
Magic:  7/7        EV: 12    Int: 11    God:
Gold:   65         SH:  0    Dex: 12    Spells: 4/4 levels left

rFire    . . .     SeeInvis +   o - +0 flail
rCold    . . .     Gourm    .   (no shield)
rNeg     + . .     Faith    .   q - +0 robe {rN+}
rPois    .         Spirit   .   (helmet unavailable)
rElec    .         Reflect  .   (no cloak)
rCorr    .         Harm     .   (no gloves)
MR       .....                  (no boots)
Stlth    ++........             (no amulet)
HPRegen  0.12/turn              l - +4 ring of strength
MPRegen  0.10/turn              (no ring)

@: no status effects
A: permanent stasis, dig shafts and tunnels, four strong arms, antennae 3
a: Dig, Shaft Self


You were on level 4 of the Dungeon.
You were hungry.

You visited 1 branch of the dungeon, and saw 4 of its levels.

You collected 65 gold pieces.

Inventory:

Hand Weapons
 a - a +0 short sword
 o - a +0 flail (weapon)
Armour
 b - a +0 leather armour
 j - a +0 ring mail
 m - a +0 shield
 q - a +0 robe of positive energy (worn)
Jewellery
 l - a +4 ring of strength (left hand)
Wands
 c - a wand of flame (5/48)
 d - a wand of enslavement (14/24)
 e - a wand of random effects (14/48)
 r - a wand of acid (4/15)
Scrolls
 i - 2 scrolls of fog {unknown}
 k - a scroll of teleportation {unknown}
 p - 2 scrolls of remove curse {unknown}
 s - a scroll of blinking {unknown}
 u - a scroll of identify {unknown}
Potions
 g - a potion of degeneration {unknown}
 t - a potion of heal wounds {unknown}
Books
 h - a book of Misfortune

   Spells                             Type                      Level
   a - Confusing Touch                Hexes                        1
   b - Confuse                        Hexes                        3
   c - Gell's Gravitas                Translocation                3
   d - Petrify                        Transmutation/Earth          4
   e - Metabolic Englaciation         Hexes/Ice                    5
   f - Yara's Violent Unravelling     Hexes/Transmutation          5
Comestibles
 f - a bread ration
 n - 3 fruits


   Skills:
 - Level 1.1 Fighting
 - Level 2.8 Short Blades
 + Level 3.1 Maces & Flails
 - Level 1.8 Dodging
 - Level 1.2 Stealth
 - Level 3.4 Evocations


You had 4 spell levels left.
You didn't know any spells.

Dungeon Overview and Level Annotations

Branches:
Dungeon (4/15)
 Temple: D:4-7

Altars:
Okawaru

Annotations:
D:3 exclusion: worker ant


Innate Abilities, Weirdness & Mutations

You cannot be hasted, slowed, berserked, paralysed or teleported.
You can dig through walls and to a lower floor.
Your four strong arms can wield two-handed weapons with a shield.
You have a pair of large antennae on your head. (SInv)


Message History

u - a scroll labeled QIZETUIPNE You sense a monster nearby.
You open the door.
There is an open door here.
An ogre comes into view. It is wielding a giant club.
The ogre shouts!
The ogre closely misses you.
Evoke which item? (* to show all) (? for menu, Esc to quit)
Aiming: Enslavement
Press: ? - help, Shift-Dir - straight line, f - ogre
Aim: an ogre, wielding a giant club (chance to defeat MR: 56%)
The ogre resists with significant effort.
This wand has 14 charges left.
The ogre hits you with a giant club!!
Ouch! That really hurt!
There is an open door here.
Unknown command.
You hear the slow hiss of a very distant avalanche of sand.
The ogre hits you with a giant club!!
Ouch! That really hurt!
You die...

########## #........#
#.######.# #.# #@# #.#
#O######## ########.#
#.##.....# #........#
#.##.##.##
##........######.##.##.#
.'..............>##.##.#
##..........###.....##.#
##........#.# #.######.#
#########.#.# #.#....{.#


You could see an ogre.

Vanquished Creatures
  A bullfrog (D:3)
  2 adders (D:2)
  A worm (D:2)
  A dart slug (D:2)
  3 bats (D:2)
  A giant cockroach (D:4)
  3 goblins
  A hobgoblin (D:2)
  4 jackals
  3 ball pythons
  A jackal skeleton (D:4)
  4 kobolds
  2 rats (D:1)
27 creatures vanquished.

Notes
Turn   | Place    | Note
-------+----------+-------------------------------------------
     0 | D:1      | Lavandula the Formicid Artificer began the quest for the Orb.
     0 | D:1      | Reached XP level 1. HP: 15/15 MP: 3/3
     5 | D:1      | You fall through a shaft!
   247 | D:2      | Reached XP level 2. HP: 7/21 MP: 4/4
   612 | D:1      | You fall through a shaft!
   694 | D:2      | Reached XP level 3. HP: 16/26 MP: 5/5
   882 | D:3      | Noticed a phantom
   921 | D:2      | You fall through a shaft!
   921 | D:3      | Found an iron altar of Okawaru.
  1103 | D:3      | Noticed a bullfrog
  1109 | D:3      | Killed a bullfrog
  1109 | D:3      | Reached XP level 4. HP: 32/32 MP: 6/6
  1194 | D:3      | Reached XP level 5. HP: 37/37 MP: 7/7
  1616 | D:4      | Noticed an ogre
  1663 | D:4      | Slain by an ogre

Vault maps used:
D:1:      evilmike_arrival_rings
D:3:      kennysheep_okawaru_gauntlet
D:4:      chequers_temple_overflow_statue_of_worship, first_bread,
          nicolae_ossuary_entry_monument, kennysheep_generic_room_2

Skill      XL: |  1  2  3  4  5 |
---------------+----------------+-----
Short Blades   | 2 |  2.8
Maces & Flails | 2 3 |  3.1
Fighting       | |  1.1
Dodging        | |  1.8
Stealth        | |  1.2
Evocations     | |  3.4

Action                   |  1- 3 |  4- 6 || total
-------------------------+-------+-------++-------
Melee: Short sword       |    93 |       ||    93
       Flail             |       |    23 ||    23
 Abil: Shaft Self        |     3 |       ||     3
       Dig               |     5 |       ||     5
Evoke: Wand              |     9 |     3 ||    12
 Stab: Sleeping          |     1 |       ||     1
  Eat: Chunk             |     2 |     1 ||     3
Armor: Leather armour    |    19 |     3 ||    22
       Ring mail         |     5 |       ||     5
Dodge: Dodged            |    59 |    23 ||    82
